 Dungeon Crawl Stone Soup version 0.21-a0-426-g98080a9 (webtiles) character file.

59 kae the Firebug (level 4, -3/24 HPs)
             Began as a Tengu Fire Elementalist on Nov 7, 2017.
             Slain by a killer bee (8 damage)
             ... on level 2 of the Dungeon.
             The game lasted 00:01:43 (2036 turns).

kae the Firebug (Tengu Fire Elementalist)           Turns: 2036, Time: 00:01:44

Health: -3/24      AC:  2    Str:  8    XL:     4   Next: 3%
Magic:  1/9        EV: 13    Int: 16    God:
Gold:   96         SH:  0    Dex: 15    Spells: 7/8 levels left

rFire    . . .     SeeInvis .   (no weapon)
rCold    . . .     Gourm    .   (no shield)
rNeg     . . .     Faith    .   a - +0 robe
rPois    .         Spirit   .   (helmet restricted)
rElec    .         Reflect  .   (no cloak)
rCorr    .         Harm     .   (no gloves)
MR       .....                  (boots unavailable)
Stlth    ++........             (no amulet)
HPRegen  0.08/turn              (no ring)
MPRegen  0.11/turn              (no ring)

@: very slightly contaminated
A: beak, talons 3
a: no special abilities


You were on level 2 of the Dungeon.
You were not hungry.

You visited 1 branch of the dungeon, and saw 2 of its levels.

You collected 96 gold pieces.

Inventory:

Armour
 a - a +0 robe (worn)
Scrolls
 i - 2 scrolls of teleportation
 j - a scroll of identify
Potions
 e - a potion of lignification
 h - a potion of brilliance {unknown}
Books
 b - a book of Flames

   Spells                             Type                      Level
   a - Flame Tongue                   Conjuration/Fire             1
   b - Throw Flame                    Conjuration/Fire             2
   c - Conjure Flame                  Conjuration/Fire             3
   d - Inner Flame                    Hexes/Fire                   3
   e - Sticky Flame                   Conjuration/Fire             4
   f - Fireball                       Conjuration/Fire             5
Comestibles
 c - a bread ration
 d - a royal jelly
 f - a chunk of flesh
 g - a meat ration


   Skills:
 - Level 2.1 Dodging
 - Level 2.0 Stealth
 + Level 2.7 Spellcasting
 + Level 3.0 Conjurations
 + Level 4.0 Fire Magic


You had 7 spell levels left.
You knew the following spells:

 Your Spells              Type           Power        Failure   Level  Hunger
a - Flame Tongue          Conj/Fire      ##...        4%          1    #......


Dungeon Overview and Level Annotations

Branches:
Dungeon (2/15)

Altars:


Innate Abilities, Weirdness & Mutations

You have a beak for a mouth.
You have claws for feet.


Message History

The flame tongue hits the killer bee.
The killer bee is severely wounded.
The killer bee closely misses you. The killer bee stings you.
* * * LOW HITPOINT WARNING * * *
Casting: Flame Tongue
Confirm with . or Enter, or press ? or * to list all spells.
Aiming: Flame Tongue
Press: ? - help, Shift-Dir - straight line, f/p - killer bee
Aim: a killer bee (severely wounded)
The flame tongue misses the killer bee.
The killer bee barely misses you. The killer bee misses you.
Casting: Flame Tongue
Confirm with . or Enter, or press ? or * to list all spells.
Aiming: Flame Tongue
Press: ? - help, Shift-Dir - straight line, f/p - killer bee
Aim: a killer bee (severely wounded)
The flame tongue hits the killer bee.
The killer bee is almost dead.
The killer bee barely misses you. The killer bee stings you!
You die...

.## ##. #+# .. ..
#.# #.#.# #.# ...
##.## #.# ##.†.##
#.# #.....# #.#
#.##...#### #y#
#.........#####@#
#####.###.......#
#.# ######### #.#
#[# #.# #.#
######.#####
.......)...########


You could see a killer bee.

Vanquished Creatures
  An adder (D:2)
  2 dart slugs (D:1)
  4 leopard geckos
  A ball python (D:1)
  7 goblins
  7 hobgoblins
  7 bats
  A frilled lizard (D:1)
  5 kobolds (D:1)
  4 rats (D:1)
39 creatures vanquished.

Notes
Turn   | Place    | Note
-------+----------+-------------------------------------------
     0 | D:1      | kae the Tengu Fire Elementalist began the quest for the Orb.
     0 | D:1      | Reached XP level 1. HP: 10/10 MP: 4/4
   192 | D:1      | Reached XP level 2. HP: 15/15 MP: 4/6
   390 | D:1      | Reached XP level 3. HP: 8/19 MP: 0/7
  1557 | D:2      | Reached skill level 4 in Fire Magic
  1577 | D:2      | HP: 1/28 [poisoned by an adder]
  1881 | D:2      | Reached XP level 4. HP: 24/24 MP: 9/9
  2036 | D:2      | Slain by a killer bee

Vault maps used:
D:1:      minmay_arrival_checkered_box, minmay_pentomino_t2
D:2:      lemuel_zombie_altar_kikubaaqudgha, chequers_ecumenical_altar_lobes,
          uniq_natasha, uniq_jessica

Skill      XL: |  1  2  3 |
---------------+----------+-----
Conjurations   | 2 3 |  3.0
Fire Magic     | 4 |  4.0
Dodging        | |  2.1
Stealth        | |  2.0
Spellcasting   | |  2.7

Action                   |  1- 3 |  4- 6 || total
-------------------------+-------+-------++-------
Melee: Unarmed           |    58 |     6 ||    64
       Kick              |    12 |       ||    12
       Peck              |    10 |     1 ||    11
 Cast: Flame Tongue      |    52 |     8 ||    60
  Use: Scroll            |     2 |       ||     2
       Potion            |     2 |       ||     2
 Stab: Sleeping          |     2 |       ||     2
  Eat: Chunk             |     1 |     1 ||     2
       Royal jelly       |     1 |       ||     1
Armor: Robe              |    18 |     5 ||    23
Dodge: Dodged            |    66 |    21 ||    87

Table legend:
 A = Spawn XP
 B = Non-spawn XP
 C = Spawn XP percentage of total XP
 D = Spawn monster count
 E = Non-spawn monster count
 F = Spawn count percentage of total count
 G = Total turns spent on level
                    A         B        C        D         E        F      G
               +---------+---------+-------+---------+---------+-------+---------
         Total |       0 |      85 |   0.0 |       0 |      39 |   0.0 |  2036
               +---------+---------+-------+---------+---------+-------+---------
           D:1 |       0 |      60 |   0.0 |       0 |      33 |   0.0 |  1307
           D:2 |       0 |      25 |   0.0 |       0 |       6 |   0.0 |   729
               +---------+---------+-------+---------+---------+-------+---------
